 Dungeon Crawl Stone Soup version 0.22-a0-303-g4a852b3 (webtiles) character file.

317 galech the Chopper (level 6, -16/53 HPs)
             Began as a Minotaur Fighter on Mar 27, 2018.
             Demolished by an ogre
             ... wielding a +0 giant club
              (24 damage)
             ... on level 4 of the Dungeon.
             The game lasted 00:03:31 (2296 turns).

galech the Chopper (Minotaur Fighter)               Turns: 2296, Time: 00:03:32

Health: -16/53     AC:  7    Str: 20    XL:     6   Next: 20%
Magic:  5/5        EV:  8    Int:  5    God:
Gold:   209        SH: 10    Dex: 12    Spells: 5/5 levels left

rFire    . . .     SeeInvis .   a - +0 war axe
rCold    . . .     Gourm    .   c - +0 shield
rNeg     . . .     Faith    .   b - +0 scale mail
rPois    .         Spirit   .   (helmet restricted)
rElec    .         Reflect  .   (no cloak)
rCorr    .         Harm     .   (no gloves)
MR       .....                  (no boots)
Stlth    ..........             (no amulet)
HPRegen  0.17/turn              (no ring)
MPRegen  0.09/turn              (no ring)

@: no status effects
A: retaliatory headbutt, horns 2
a: no special abilities


You were on level 4 of the Dungeon.
You were not hungry.

You visited 1 branch of the dungeon, and saw 4 of its levels.

You collected 209 gold pieces.

Inventory:

Hand Weapons
 a - a +0 war axe (weapon)
Armour
 b - a +0 scale mail (worn)
 c - a +0 shield (worn)
Scrolls
 i - 2 scrolls of remove curse {unknown}
 n - a scroll of identify {unknown}
 o - 2 scrolls of teleportation {unknown}
 p - a scroll of immolation {unknown}
 r - a scroll of enchant weapon {unknown}
 s - a scroll of fear {unknown}
Potions
 d - a potion of might
 e - 3 potions of heal wounds {unknown}
 g - a potion of mutation {unknown}
 h - 4 potions of flight {unknown}
 j - 2 potions of degeneration {unknown}
 k - a potion of ambrosia {unknown}
 l - a potion of lignification {unknown}
 m - a potion of agility {unknown}
 q - a potion of curing {unknown}
Comestibles
 f - 10 rations
 t - 3 chunks of flesh


   Skills:
 + Level 4.3 Fighting
 + Level 5.6 Axes
 + Level 4.9 Armour
 + Level 0.9 Dodging
 + Level 0.1 Stealth
 + Level 4.9 Shields


You had 5 spell levels left.
You didn't know any spells.

Dungeon Overview and Level Annotations

Branches:
Dungeon (4/15)
 Temple: D:4-7

Altars:
Hepliaklqana
Makhleb
Qazlal

Shops:
D:4 %


Innate Abilities, Weirdness & Mutations

You reflexively headbutt those who attack you in melee.
You have a pair of horns on your head.


Message History

You are too injured to fight recklessly!
You are too injured to fight recklessly!
You are too injured to fight recklessly!
You are too injured to fight recklessly!
You are too injured to fight recklessly!
You are too injured to fight recklessly!
You are too injured to fight recklessly!
You are too injured to fight recklessly!
You are too injured to fight recklessly!
You are too injured to fight recklessly!
The worker ant barely misses you. You furiously retaliate!
You headbutt the worker ant!
You kill the worker ant!
The ogre hits you with a giant club!
* * * LOW HITPOINT WARNING * * *
You block the ogre's attack.
You hit the ogre.
The ogre is moderately wounded.
The ogre hits you with a giant club!!
You die...

#.##.##.#
#.##.##.#
#.##.##.#
#.##.##.# ####
####.##.##.# .....
..##.......#
##.#.##.#####.####
......#.# #.#
#...†.# #@#
#.....## #O#
#......####.#
...(..........#
##.....########
##...# ##.# ##


You could see an ogre.

Vanquished Creatures
  A scorpion (D:4)
  4 worker ants (D:4)
  A hound skeleton (D:4)
  6 gnolls
  4 worms
  2 dart slugs (D:1)
  A leopard gecko (D:1)
  8 orcs
  2 giant cockroaches
  8 goblins
  7 hobgoblins
  9 jackals
  5 kobolds
  2 quokkas
  10 bats
  6 frilled lizards
  6 rats
82 creatures vanquished.

Notes
Turn   | Place    | Note
-------+----------+-------------------------------------------
     0 | D:1      | galech the Minotaur Fighter began the quest for the Orb.
     0 | D:1      | Reached XP level 1. HP: 19/19 MP: 0/0
    91 | D:1      | Reached XP level 2. HP: 27/27 MP: 1/1
   128 | D:1      | Reached skill level 3 in Axes
   235 | D:1      | Reached XP level 3. HP: 29/33 MP: 2/2
   772 | D:2      | Found a burning altar of Makhleb.
   774 | D:2      | Found a hazy altar of Hepliaklqana.
  1338 | D:2      | Found a stormy altar of Qazlal.
  1565 | D:3      | Reached skill level 4 in Axes
  1565 | D:3      | Reached XP level 4. HP: 37/40 MP: 3/3
  1897 | D:4      | Reached XP level 5. HP: 43/46 MP: 4/4
  1912 | D:4      | Reached skill level 5 in Axes
  2148 | D:4      | Reached XP level 6. HP: 39/53 MP: 5/5
  2227 | D:4      | Found Naiq Ysi's Food Shoppe.
  2296 | D:4      | Demolished by an ogre

Vault maps used:
D:1:      minmay_arrival_stair_chambers
D:2:      nicolae_overflow_hidden_temple
D:3:      first_ration
D:4:      serial_shops, shop

Skill      XL: |  1  2  3  4  5 |
---------------+----------------+-----
Axes           | 3 4 5 |  5.6
Armour         | 4 |  4.9
Fighting       | 4 |  4.3
Shields        | 4 |  4.9
Dodging        | |  0.9
Stealth        | |  0.1

Action                   |  1- 3 |  4- 6 || total
-------------------------+-------+-------++-------
Melee: War axe           |   100 |   100 ||   200
       Headbutt          |    11 |    20 ||    31
  Eat: Chunk             |     2 |     3 ||     5
Armor: Scale mail        |    58 |    24 ||    82
Dodge: Dodged            |    45 |    29 ||    74
Block: Shield            |    59 |    45 ||   104

Table legend:
 A = Spawn XP
 B = Non-spawn XP
 C = Spawn XP percentage of total XP
 D = Spawn monster count
 E = Non-spawn monster count
 F = Spawn count percentage of total count
 G = Total turns spent on level
                    A         B        C        D         E        F      G
               +---------+---------+-------+---------+---------+-------+---------
         Total |       0 |     453 |   0.0 |       0 |      82 |   0.0 |  2296
               +---------+---------+-------+---------+---------+-------+---------
           D:1 |       0 |      54 |   0.0 |       0 |      31 |   0.0 |   553
           D:2 |       0 |      21 |   0.0 |       0 |      13 |   0.0 |   642
           D:3 |       0 |      77 |   0.0 |       0 |      18 |   0.0 |   592
           D:4 |       0 |     301 |   0.0 |       0 |      20 |   0.0 |   509
               +---------+---------+-------+---------+---------+-------+---------
